 Dungeon Crawl Stone Soup version 0.19.0-19-g8c6edcc (webtiles) character file.

798 grisnicke the Conjurer (level 8, -15/36 HPs)
             Began as a Kobold Conjurer on Nov 14, 2016.
             Was an Initiate of Hepliaklqana.
             Demolished by an orc warrior
             ... wielding a +0 hand axe
              (16 damage)
             ... on level 5 of the Dungeon.
             The game lasted 00:31:08 (6411 turns).

grisnicke the Conjurer (Kobold Conjurer)            Turns: 6411, Time: 00:31:09

Health: -15/36     AC:  5    Str:  6    XL:     8   Next: 13%
Magic:  8/14       EV: 15    Int: 18    God:    Hepliaklqana [......]
Gold:   96         SH:  0    Dex: 15    Spells: 4 memorised, 5 levels left

rFire  . . .     SeeInvis .     G - +1 rapier (freeze)
rCold  . . .     Gourm    .     a - +0 robe
rNeg   . . .     Faith    .     (shield restricted)
rPois  .         Spirit   .     q - +0 helmet
rElec  .         Reflect  .     u - +0 cloak
rCorr  .         Harm     .     (no gloves)
MR     .....                    x - +0 pair of boots
Stlth  ++........               (no amulet)
                                (no ring)
                                (no ring)

@: no status effects
A: reduced essence, carnivore 3
a: Recall Ancestor, Ancestor Identity, Renounce Religion


You were on level 5 of the Dungeon.
You worshipped Hepliaklqana.
Hepliaklqana was noncommittal.
You were completely stuffed.

You visited 2 branches of the dungeon, and saw 6 of its levels.

You collected 266 gold pieces.
You spent 170 gold pieces at shops.

Inventory:

Hand Weapons
 e - a +0 club
   (You took it off a hobgoblin on level 1 of the Dungeon)
 h - a +0 dagger
   (You found it on level 1 of the Dungeon)
 j - a +1 whip of electrocution
   (You took it off a kobold on level 1 of the Dungeon)
 G - a +1 rapier of freezing (weapon)
   (You bought it in a shop on level 5 of the Dungeon)
Missiles
 n - 111 stones (quivered)
Armour
 a - a +0 robe (worn)
 q - a +0 helmet (worn)
   (You took it off Robin on level 2 of the Dungeon)
 u - a +0 cloak (worn)
   (You found it on level 3 of the Dungeon)
 x - a +0 pair of boots (worn)
   (You found it on level 3 of the Dungeon)
Jewellery
 H - an uncursed ring of teleportation {+/*tele, !d}
   (You found it on level 5 of the Dungeon)
Wands
 D - a wand of flame (35/48)
   (You took it off Blork the orc on level 4 of the Dungeon)
 E - a wand of paralysis (11/24)
   (You found it on level 5 of the Dungeon)
Scrolls
 d - 2 scrolls of random uselessness
 f - 2 scrolls of teleportation
 k - a scroll of blinking {unknown}
 l - 3 scrolls of amnesia {unknown}
 p - a scroll of noise {unknown}
 v - a scroll of remove curse
 y - a scroll of fog {unknown}
 A - a scroll of recharging {unknown}
 C - a scroll of enchant weapon {unknown}
Potions
 g - 3 potions of might
 i - 2 potions of curing {unknown}
 m - a potion of brilliance {unknown}
 o - 2 potions of heal wounds {unknown}
 r - a potion of agility {unknown}
 s - a potion of lignification {!q}
 t - a potion of flight {unknown}
 B - 4 potions of invisibility
 I - a potion of magic {unknown}
Books
 b - a book of Conjurations
Comestibles
 c - 3 meat rations {@e2}
 w - 2 beef jerkies
 z - a royal jelly
 F - a chunk of flesh {@w0}


   Skills:
 + Level 3.5 Short Blades
 - Level 2.4 Dodging
 - Level 2.6 Stealth
 - Level 4.6 Spellcasting
 + Level 7.2 Conjurations
 - Level 3.0 Hexes


You had 5 spell levels left.
You knew the following spells:

 Your Spells              Type           Power        Failure   Level  Hunger
a - Magic Dart            Conj           ####         1%          1    None
b - Searing Ray           Conj           ####..       1%          2    #......
c - Dazzling Spray        Conj/Hex       ###...       6%          3    ###....
z - Iskenderun's Battles  Conj/Chrm      ###.....     87%         5    ######.


Dungeon Overview and Level Annotations

Branches:
Dungeon (5/15)             Temple (1/1) D:4

Altars:
Elyvilon
Hepliaklqana
Makhleb
Trog
Uskayaw
Yredelemnul
The Shining One

Shops:
D:5 (

Annotations:
D:3 exclusion: orc priest


Innate Abilities, Weirdness & Mutations

You are small and have problems with some larger weapons.
You are carnivorous and can eat meat at any time.
Your life essence is reduced. (-10% HP)


Message History

You see here a worker ant corpse.
You butcher the worker ant corpse.
F - 5 chunks of flesh {@w0} (gained 1) Some of the chunks of flesh in your inventory have rotted away.
Some of the chunks of flesh in your inventory have rotted away.
I - a bubbling yellow potion You regained 4 hp, and now have 35/36 hp.
MP restored: 14 An orc comes into view. It is wielding a flail.
Aim: an orc, wielding a flail (resting)
The magic dart hits the orc.
The orc shouts!
An orc comes into view. It is wielding a dagger.
Health restored: 36 You now have 13/14 mp.
Aim: an orc, wielding a flail (heavily wounded)
The magic dart hits the orc.
The orc shouts!
An orc priest comes into view. It is wielding a hand axe.
You now have 12/14 mp.
Aim: an orc, wielding a flail (severely wounded)
The magic dart hits the orc.
The orc priest shouts!
The orc priest moves out of view.
An orc warrior comes into view. It is wielding a hand axe.
You now have 11/14 mp.
The orc warrior shouts!
You hit the orc. You freeze the orc.
You kill the orc!
An orc comes into view.
You swap places.
The orc hits Grisalisa but does no damage.
Grisalisa hits the orc but does no damage.
The orc completely misses Grisalisa.
Grisalisa hits the orc.
The orc hits Grisalisa but does no damage.
Grisalisa hits the orc.
The orc dies!
Aim: an orc warrior, wielding a hand axe and wearing a plate armour The magic dart hits the orc warrior.
The orc warrior completely misses Grisalisa.
You now have 12/14 mp.
Grisalisa barely misses the orc warrior.
You hit the orc warrior but do no damage.
Grisalisa hits the orc warrior.
The orc warrior hits you with a hand axe!
The orc warrior hits Grisalisa but does no damage.
You take 12 damage, and have 24/36 hp.
MASSIVE DAMAGE!!
You hit the orc warrior but do no damage.
Grisalisa hits the orc warrior but does no damage.
The orc warrior barely misses you.
The orc warrior barely misses Grisalisa.
You closely miss the orc warrior.
Grisalisa hits the orc warrior.
The orc warrior barely misses you.
The orc warrior hits Grisalisa with a hand axe!
You hit the orc warrior but do no damage.
Grisalisa hits the orc warrior but does no damage.
The orc warrior barely misses you.
The orc warrior hits Grisalisa with a hand axe!
You hit the orc warrior but do no damage.
Grisalisa hits the orc warrior but does no damage.
The orc warrior hits you with a hand axe.
The orc warrior hits Grisalisa but does no damage.
You take 4 damage, and have 20/36 hp.
You hit the orc warrior. You freeze the orc warrior.
Grisalisa barely misses the orc warrior.
The orc warrior misses you.
The orc warrior hits Grisalisa with a hand axe.
You hit the orc warrior. You freeze the orc warrior.
Grisalisa hits the orc warrior but does no damage.
The orc warrior hits you with a hand axe.
The orc warrior barely misses Grisalisa.
You take 4 damage, and have 16/36 hp.
Aim: an orc warrior, wielding a hand axe and wearing a plate armour (heavily wounded)
The searing ray hits the orc warrior.
Grisalisa closely misses the orc warrior.
You now have 11/14 mp.
The searing ray hits the orc warrior.
The orc warrior hits you with a hand axe!
* * * LOW HITPOINT WARNING * * *
The orc warrior barely misses Grisalisa.
Grisalisa hits the orc warrior but does no damage.
You take 7 damage, and have 9/36 hp.
The searing ray hits the orc warrior.
The orc warrior hits you with a hand axe!
* * * LOW HITPOINT WARNING * * *
The orc warrior barely misses Grisalisa.
Grisalisa hits the orc warrior but does no damage.
You take 8 damage, and have 1/36 hp.
MASSIVE DAMAGE!!
You now have 10/14 mp.
The searing ray misses the orc warrior.
You finish channeling your searing ray.
Grisalisa hits the orc warrior.
The orc warrior barely misses you.
The orc warrior hits Grisalisa with a hand axe.
You now have 9/14 mp.
Aim: an orc warrior, wielding a hand axe and wearing a plate armour (almost dead)
The magic dart hits the orc warrior.
Grisalisa barely misses the orc warrior.
The orc warrior hits you with a hand axe!
You die...

#)o##.#
#.##.#.#
o. ##..#
#.o ##.#
#( #.# #
#.## #..#
#oR#
#######@.#
.........#
########.#
$. #..# ..
#.## ...
#.# ...
##.# ..(
#..# ..#
##.##


You could see the friendly Grisalisa the ancestor and an orc warrior.

Vanquished Creatures
  Blork the orc (D:4)
  A bullfrog skeleton (D:4)
  A hound (D:5)
  An orc wizard (D:5)
  4 worker ants
  Robin (D:2)
  3 adders
  A howler monkey skeleton (D:4)
  An adder skeleton (D:4)
  6 worms
  2 dart slugs (D:1)
  9 orcs
  7 giant cockroaches
  11 goblins
  9 hobgoblins
  8 jackals
  3 quokkas
  A ball python (D:4)
  9 bats
  4 frilled lizards
  2 kobolds
  12 rats
97 creatures vanquished.

Vanquished Creatures (collateral kills)
  Menkaure (D:5)
  The ghost of Mlkhall the Gusty, an amateur OpAE (D:4)
  A hound (D:4)
  An orc priest (D:4)
  A bullfrog skeleton (D:4)
  2 worker ants
  An adder zombie (D:5)
  4 orcs (D:5)
  A hobgoblin (D:4)
  2 jackals (D:4)
15 creatures vanquished.

Vanquished Creatures (others)
  An ancestor (D:4)
1 creature vanquished.

Grand Total: 113 creatures vanquished

Notes
Turn   | Place    | Note
-------+----------+-------------------------------------------
     0 | D:1      | grisnicke the Kobold Conjurer began the quest for the Orb.
     0 | D:1      | Reached XP level 1. HP: 10/10 MP: 3/3
   138 | D:1      | Reached XP level 2. HP: 15/15 MP: 0/5
   517 | D:1      | Reached XP level 3. HP: 19/19 MP: 3/6
   616 | D:1      | Learned a level 2 spell: Searing Ray
   620 | D:1      | Learned a level 3 spell: Dazzling Spray
   695 | D:1      | Reached skill level 5 in Conjurations
  1169 | D:2      | Noticed Robin
  1251 | D:2      | HP: 2/19 [Robin/spear (3)]
  1887 | D:2      | Reached skill level 1 in Hexes
  1887 | D:2      | Reached XP level 4. HP: 24/24 MP: 1/7
  2201 | D:2      | Killed Robin
  2214 | D:2      | Reached skill level 2 in Hexes
  2934 | D:3      | You fall through a shaft for 2 floors!
  2934 | D:5      | Entered Level 5 of the Dungeon
  2980 | D:4      | Reached XP level 5. HP: 28/28 MP: 8/8
  3767 | D:3      | Reached skill level 3 in Hexes
  4385 | D:4      | Found a staircase to the Ecumenical Temple.
  4393 | Temple   | Entered the Ecumenical Temple
  4421 | Temple   | Became a worshipper of Hepliaklqana the Forgotten
  4593 | D:4      | Reached skill level 3 in Spellcasting
  4593 | D:4      | Reached XP level 6. HP: 20/28 MP: 7/10
  4751 | D:4      | Found a burning altar of Makhleb.
  4975 | D:4      | Noticed Mlkhall's ghost (amateur OpAE)
  4987 | D:4      | Killed Mlkhall's ghost
  4987 | D:4      | Reached skill level 6 in Conjurations
  5117 | D:4      | Found a hide-covered altar of Uskayaw.
  5175 | D:4      | Reached skill level 4 in Spellcasting
  5175 | D:4      | Reached XP level 7. HP: 13/32 MP: 8/13
  5646 | D:4      | Noticed Blork the orc
  5676 | D:4      | Killed Blork the orc
  5922 | D:4      | Reached skill level 1 in Short Blades
  5986 | D:5      | Found a hide-covered altar of Uskayaw.
  6057 | D:5      | Found Gopyuwasche's Weapon Boutique.
  6065 | D:5      | Bought a +1 rapier of freezing for 170 gold pieces
  6130 | D:5      | Reached skill level 2 in Short Blades
  6131 | D:5      | Noticed Menkaure
  6150 | D:5      | Killed Menkaure
  6150 | D:5      | Reached skill level 3 in Short Blades
  6150 | D:5      | Reached skill level 7 in Conjurations
  6150 | D:5      | Reached XP level 8. HP: 19/36 MP: 5/14
  6298 | D:5      | Learned a level 5 spell: Iskenderun's Battlesphere
  6408 | D:5      | HP: 9/36 [orc warrior/hand axe (7)]
  6409 | D:5      | HP: 1/36 [orc warrior/hand axe (8)]
  6411 | D:5      | Demolished by an orc warrior

Skill      XL: |  1  2  3  4  5  6  7 |
---------------+----------------------+-----
Conjurations   | 5 6 7 |  7.2
Hexes          | 1 2 3 |  3.0
Spellcasting   | 3 4 |  4.6
Short Blades   | 3 |  3.5
Dodging        | |  2.4
Stealth        | |  2.6

Action                   |  1- 3 |  4- 6 |  7- 9 || total
-------------------------+-------+-------+-------++-------
Melee: Club              |     8 |       |       ||     8
       Unarmed           |     1 |       |       ||     1
       Whip              |    26 |    50 |    21 ||    97
       Rapier            |       |       |    13 ||    13
Throw: Stone             |     1 |     5 |       ||     6
 Cast: Magic Dart        |    78 |    81 |    42 ||   201
       Searing Ray       |     3 |    11 |     3 ||    17
       Dazzling Spray    |     1 |     1 |     1 ||     3
Invok: Ancestor Identity |       |     1 |       ||     1
  Use: Scroll            |     3 |     1 |     3 ||     7
 Stab: Sleeping          |     1 |     2 |       ||     3
  Eat: Chunk             |    13 |    11 |     4 ||    28
Armor: Robe              |     6 |    20 |     8 ||    34
Dodge: Dodged            |    30 |    50 |    32 ||   112

Vault maps used:
D:1:      lemuel_arrival_room
D:2:      uniq_robin
D:4:      eat_drink_and_be_merry_uskayaw, marbit_many_paths, uniq_blork_the_orc
D:5:      serial_shops, nicolae_shop_statue_plus, basic_altar, first_bread,
          guppyfry_early_orc_mine, uniq_menkaure
Temple:   bh_familiar_temple

Table legend:
 A = Turns spent in this place as a percentage of turns spent in the entire game.
 B = Non-inter-level travel turns spent in this place as a percentage of non-inter-level travel turns spent in the entire game.
 C = Inter-level travel turns spent in this place as a percentage of turns spent in this place.
 D = Turns resting spent in this place as a percentage of non-inter-level travel turns spent in this place.
 E = Turns spent auto-exploring this place as a percentage of non-inter-level travel turns spent in this place.
 F = Non-inter-level travel turns spent in this place divided by the number of levels of this place that you've seen.
                   A       B       C       D       E      F
               +-------+-------+-------+-------+-------+----------------------
         Total | 100.0 | 100.0 |   0.3 |   5.6 |   4.3 | 328.5
       Dungeon |  97.6 |  97.6 |   0.3 |   5.8 |   4.4 | 384.6
        Temple |   2.4 |   2.4 |   0.0 |   0.0 |   0.0 |  48.0
               +-------+-------+-------+-------+-------+----------------------

Table legend:
 A = Kills in this place as a percentage of kills in entire the game.
 B = Kills by you in this place as a percentage of kills by you in the entire game.
 C = Kills by friends in this place as a percentage of kills by friends in the entire game.
 D = Other kills in this place as a percentage of other kills in the entire game.
 E = Experience gained in this place as a percentage of experience gained in the entire game.
 F = Experience gained in this place divided by the number of levels of this place that you have seen.
                   A       B       C       D       E      F
               +-------+-------+-------+-------+-------+----------------------
         Total | 100.0 | 100.0 | 100.0 |  -nan | 100.0 | 190.2
       Dungeon | 100.0 | 100.0 | 100.0 |  -nan | 100.0 | 228.2
               +-------+-------+-------+-------+-------+----------------------
